Map: Triton LE

Players

MaSa - Winner!

  • Race: Terran Terran
  • Spawn Location: 11:00

Scarlett

  • Race: Zerg Zerg
  • Spawn Location: 5:00

VOD

Have the link to the VOD?

Description

Time

  • Played on: Sept. 7, 2019, 1:04 p.m.
  • Length: 10:09
Show
View Real Time Build Order
Export as new Build Order

MaSa Terran - Winner!

Build Orders: Reaper Expand, Hellion Banshee 

Get SALT Encoding   

  12  0:00  SCV  
  13  0:12  SCV  
  14  0:17  Supply Depot  
  14  0:24  SCV  
  15  0:38  SCV  
  15  0:40  Barracks  
  16  0:43  Refinery  
  16  0:50  SCV  
  17  1:02  SCV  
  18  1:15  SCV  
  19  1:27  Orbital Command, Reaper  
  20  1:44  Bunker  
  20  1:48  Command Center  
  20  1:53  SCV  
  21  1:59  Marine  
  22  2:03  Supply Depot  
  22  2:05  SCV  
  23  2:23  SCV  
  23  2:24  Barracks Reactor  
  23  2:25  Factory  
  23  2:35  SCV  
  24  2:42  Command Center  
  24  2:47  SCV  
  25  2:52  Refinery  
  25  3:00  SCV  
  25  3:01  Orbital Command  
  26  3:12  SCV, Starport  
  27  3:15  Hellion  
  29  3:21  Hellion  
  29  3:23  Barracks Tech Lab  
  31  3:27  SCV  
  32  3:38  Hellion  
  34  3:43  Hellion  
  34  3:44  SCV  
  34  3:47  SCV  
  38  3:56  Marine, SCV  
  38  4:00  SCV  
  38  4:01  Banshee  
  43  4:04  Hellion  
  43  4:09  Orbital Command  
  45  4:13  SCV  
  45  4:14  Hellion  
  49  4:19  Supply Depot  
  49  4:20  SCV  
  49  4:21  Cloaking Field  
  49  4:22  Barracks Tech Lab  
  49  4:25  SCV  
  52  4:32  SCV  
  52  4:37  SCV  
  53  4:42  SCV  
  53  4:44  Banshee  
  53  4:46  SCV  
  53  4:47  Marine  
  53  4:48  Stimpack  
  53  4:52  Barracks  
  49  4:54  Barracks  
  49  4:55  Factory Tech Lab  
  49  4:58  Bunker  
  49  5:00  SCV  
  49  5:01  SCV x2  
  52  5:08  Marauder  
  52  5:12  SCV  
  52  5:13  SCV  
  56  5:15  SCV  
  56  5:19  Supply Depot  
  56  5:21  Siege Tank  
  60  5:24  SCV  
  60  5:25  SCV  
  60  5:27  Banshee  
  60  5:28  SCV  
  66  5:32  Marauder  
  68  5:36  SCV  
  68  5:38  Supply Depot  
  68  5:39  Engineering Bay  
  68  5:40  Engineering Bay  
  68  5:41  Marine, SCV  
  68  5:42  Refinery  
  71  5:43  Orbital Command, Barracks Reactor, Refinery  
  71  5:51  Marine  
  71  5:53  Marine, SCV  
  68  5:59  Marine, SCV  
  68  6:05  SCV  
  68  6:08  Supply Depot x2  
  68  6:09  Marine  
  70  6:11  Marine, SCV  
  70  6:17  Marine  
  70  6:18  Terran Infantry Armor Level 1, Terran Infantry Weapons Level 1  
  70  6:19  Starport Reactor  
  70  6:21  SCV  
  70  6:23  SCV  
  70  6:24  SCV  
  70  6:25  Marine, Barracks  
  73  6:26  Barracks  
  73  6:27  Marine  
  73  6:29  Marine  
  73  6:31  Marine, Siege Tank  
  80  6:33  SCV  
  80  6:35  Marine  
  80  6:38  SCV  
  83  6:40  Supply Depot  
  83  6:41  Refinery  
  83  6:43  Marine  
  83  6:44  Marine, SCV  
  83  6:47  Marine  
  86  6:48  Combat Shield  
  86  6:49  Marine, SCV  
  86  6:53  Marine  
  90  6:55  Supply Depot  
  91  7:01  Marine, SCV  
  91  7:02  Marine  
  91  7:04  Marine  
  91  7:07  Marine, Siege Tank  
  98  7:09  SCV  
  98  7:10  Marine  
  98  7:12  Marine  
  98  7:13  SCV  
  102  7:17  Marine  
  102  7:19  Marine  
  102  7:20  Marine  
  102  7:21  SCV  
  102  7:22  Marine  
  106  7:24  SCV  
  106  7:25  Marine  
  106  7:28  Marine  
  106  7:29  SCV  
  111  7:30  Marine  
  111  7:31  Supply Depot  
  113  7:37  Marine  
  113  7:38  Marine, Medivac, Barracks Reactor  
  113  7:40  Marine  
  117  7:44  Siege Tank  
  117  7:45  Supply Depot  
  117  7:52  Marine x2, Medivac  
  117  7:53  SCV  
  122  8:02  Marine  
  117  8:09  Medivac  
  117  8:10  SCV  
  113  8:14  Marine x2  
  113  8:15  Marine  
  113  8:16  SCV, Marauder  
  113  8:17  Siege Tank, SCV  
  113  8:18  Supply Depot  
  118  8:22  SCV, Medivac  
  118  8:25  Marine  
  118  8:26  Marine  
  115  8:29  SCV  
  115  8:49  Siege Tank  
Show
View Real Time Build Order
Export as new Build Order

Scarlett Zerg 

Build Orders: Hatch First 

Get SALT Encoding   

  12  0:00  Drone  
  13  0:13  Overlord  
  13  0:16  Drone  
  14  0:31  Drone x2  
  16  0:47  Hatchery  
  15  0:51  Drone  
  15  0:54  Drone  
  17  0:58  Drone  
  18  1:08  Extractor  
  17  1:12  Spawning Pool  
  17  1:15  Drone  
  17  1:19  Drone  
  18  1:29  Drone  
  19  1:59  Zergling x4, Queen x2  
  19  2:00  Zergling x2  
  26  2:04  Overlord  
  26  2:09  Metabolic Boost  
  26  2:14  Overlord  
  26  2:17  Drone  
  27  2:25  Drone x2  
  29  2:34  Drone x2  
  31  2:38  Queen  
  33  2:45  Drone x2  
  35  2:58  Drone x2  
  37  3:07  Drone x7  
  37  3:08  Overlord  
  44  3:27  Drone, Hatchery  
  44  3:31  Roach Warren  
  44  3:33  Extractor x2  
  41  3:41  Overlord, Drone x4  
  41  3:48  Drone x4  
  49  3:52  Overlord  
  49  3:58  Overlord  
  49  4:01  Drone  
  48  4:05  Overlord  
  48  4:12  Roach  
  48  4:14  Roach  
  52  4:18  Roach  
  54  4:26  Roach  
  54  4:29  Roach  
  54  4:30  Roach x2  
  47  4:48  Ravager x4, Zergling x2, Roach x2  
  47  4:49  Zergling x4  
  58  4:54  Zergling x6  
  58  4:58  Zergling x6  
  64  5:02  Zergling x8  
  64  5:03  Ravager  
  64  5:05  Zergling x2  
  70  5:09  Zergling x2  
  70  5:13  Queen, Drone  
  74  5:17  Drone  
  74  5:18  Drone  
  70  5:26  Drone x3  
  70  5:30  Drone x2  
  69  5:39  Drone x3  
  72  5:44  Drone x3  
  73  5:57  Drone x5  
  70  6:01  Drone x3  
  69  6:05  Drone x3  
  69  6:09  Drone x2  
  74  6:16  Spore Crawler  
  74  6:17  Spore Crawler  
  72  6:18  Spore Crawler  
  72  6:23  Lair, Drone  
  72  6:25  Drone x2  
  74  6:29  Drone x3  
  74  6:31  Drone  
  74  6:32  Drone  
  79  6:35  Drone x3  
  82  6:40  Overlord  
  82  6:42  Spore Crawler  
  82  6:45  Overlord  
  81  6:47  Overlord  
  81  6:50  Overlord  
  81  6:52  Pneumatized Carapace, Queen, Extractor  
  79  7:06  Drone x9  
  84  7:22  Queen, Overseer  
  80  7:27  Evolution Chamber x2  
  79  7:30  Glial Reconstitution  
  79  7:34  Drone x5  
  79  7:35  Queen, Drone x8  
  91  7:37  Queen  
  91  7:38  Extractor x2  
  91  7:43  Roach x4  
  99  7:47  Ravager x4  
  99  7:50  Roach x2  
  107  7:52  Roach  
  107  7:54  Roach  
  107  7:55  Roach  
  113  8:04  Overlord  
  110  8:10  Roach  
  110  8:11  Overlord  
  100  8:14  Overlord  
  100  8:15  Ravager x2  
  100  8:17  Roach x3  
  101  8:21  Roach x3  
Tags
 
Add a new tag
Caveats
  • Supply blocks, unpowered buildings, or Contaminate may cause inaccurate times.
  • Supply counts are checked every 10 seconds.